 Dungeon Crawl Stone Soup version 0.31-a0-795-g5eb97db20b (webtiles) character file.

Game seed: 2236026124562305678

18 Maratek the Firebug (level 2, -2/15 HPs)
             Began as a Deep Elf Fire Elementalist on Sept 18, 2023.
             Was a High Priest of Ignis.
             Slain by Natasha (6 damage)
             ... on level 2 of the Dungeon.
             The game lasted 00:01:49 (1012 turns).

Maratek the Firebug (Deep Elf Fire Elementalist)    Turns: 1012, Time: 00:01:50

Health: -2/15      AC:  2    Str:  5    XL:     2   Next: 51%
Magic:  4/8        EV: 12    Int: 19    God:    Ignis [*****.]
Gold:   51         SH:  0    Dex: 15    Spells: 7/8 levels left

rFire   + . .        (no weapon)
rCold   . . .        (no shield)
rNeg    . . .        a - +0 robe
rPois   .            (no helmet)
rElec   .            (no cloak)
rCorr   .            (no gloves)
SInv    .            (no boots)
Will    .....        (no amulet)
Stlth   ++           (no ring)
HPRegen 0.22/turn    (no ring)
MPRegen 0.11/turn

%: no passive effects
@: slowed, very slow
A: no striking features
a: Renounce Religion, Fiery Armour, Foxfire Swarm, Rising Flame


You were on level 2 of the Dungeon.
You worshipped Ignis.
Ignis was extremely pleased with you.
You visited 1 branch of the dungeon, and saw 2 of its levels.

You collected 51 gold pieces.

Inventory:

Armour
 a - a +0 robe (worn)
Jewellery
 e - a ring of protection from cold
 f - an amulet of the acrobat
Scrolls
 c - a scroll of immolation {unknown}
 g - a scroll of enchant armour {unknown}
Potions
 b - a potion of magic
 d - a potion of enlightenment {unknown}
 h - 2 potions of curing {unknown}


   Skills:
 + Level 2.5 Dodging
 + Level 2.4 Stealth
 + Level 3.6 Spellcasting
 + Level 1.4 Conjurations
 + Level 3.7 Fire Magic


You had 7 spell levels left.
You knew the following spells:

 Your Spells              Type           Power      Damage    Failure   Level
a - Foxfire               Conj/Fire      52%        2x1d6     4%          1

Your spell library contained the following spells:

 Spells                   Type           Power      Damage    Failure   Level
 Scorch                   Fire           34%        2d6       4%          2
 Inner Flame              Hex/Fire       10%        N/A       21%         3
 Volatile Blastmotes      Fire/Tloc      20%        2d11      21%         3
 Flame Wave               Conj/Fire      13%        2d6       45%         4


Dungeon Overview and Level Annotations

Branches:
Dungeon (2/15)

Altars:
Ignis

Shops:
D:1 :

Annotations:
D:2 Natasha


Message History

Natasha is nearby!
Natasha is nearby!
A hobgoblin comes into view.
Natasha hisses angrily.
Natasha growls.
A quokka comes into view.
Natasha claws you!
Casting: Foxfire (safe; 4% risk of failure)
Press: ? - help, Q - select action Dir - look around, f - activate You conjure some foxfire!
Natasha casts a spell at you.
You feel yourself slow down.
Casting: Foxfire (safe; 4% risk of failure)
Press: ? - help, Q - select action Dir - look around, f - activate You conjure some foxfire!
The hobgoblin shouts!
The foxfire hits the hobgoblin.
The hobgoblin is almost dead.
Natasha barely misses you. x2
Casting: Foxfire (safe; 4% risk of failure)
Press: ? - help, Q - select action Dir - look around, f - activate You conjure some foxfire!
The foxfire hits Natasha.
Natasha is moderately wounded.
The foxfire hits Natasha.
Natasha is heavily wounded.
Natasha stares at you and mumbles some strange words.
The magic dart hits you.
* * * LOW HITPOINT WARNING * * *
Casting: Foxfire (safe; 4% risk of failure)
Press: ? - help, Q - select action Dir - look around, f - activate You conjure some foxfire!
The foxfire hits Natasha.
Natasha is severely wounded.
The foxfire hits the quokka.
The quokka is severely wounded.
Natasha mumbles some strange words.
Natasha claws you.
You die...
Natasha begins licking her fur clean.

##...####.....##. ###
#............... ....
#.>.............
....#####......###....
.......?#.....####....
......................
#.....).......########
......r§......#
####.#@v.....#
.....gh.v#.####
.####.#5.#.# #.#.##.#
# #....# ### ##


You could see Natasha (ally target), a cerulean imp (summoned), a quokka and a
hobgoblin.

Vanquished Creatures
  A ball python (D:1)
  2 endoplasms (D:1)
  2 goblins (D:1)
  3 hobgoblins (D:1)
  2 bats
  4 frilled lizards (D:1)
  2 kobolds (D:1)
  A rat (D:1)
17 creatures vanquished.

Vanquished Creatures (others)
  39 foxfires
39 creatures vanquished.

Grand Total: 56 creatures vanquished

Notes
Turn   | Place    | Note
-------+----------+-------------------------------------------
     0 | D:1      | Maratek the Deep Elf Fire Elementalist began the quest for
                  | the Orb.
     0 | D:1      | Reached XP level 1. HP: 10/10 MP: 6/6
   339 | D:1      | Reached XP level 2. HP: 15/15 MP: 5/8
   478 | D:1      | Found a faded altar of an unknown god.
   494 | D:1      | Found Citwire's Vocational Training.
   499 | D:1      | Prayed at the altar of an unknown god.
   499 | D:1      | Became a worshipper of Ignis, the Dying Flame
  1005 | D:2      | Noticed Natasha
  1012 | D:2      | Slain by Natasha

Illustrated notes

Levels and vault maps discovered:
D:1:      matt_arrival_grand_opening, layout_loops_corners,
          hellmonk_ecumenical_altar_pennies_from_heaven, st_stairs_6,
          minmay_misc_feat_ornament, chequers_serial_rivers_micro_a,
          nicolae_shop_vocational
D:2:      layout_basic, chequers_serial_rivers_micro_b, uniq_crazy_yiuf_cottage,
          uniq_natasha

Action                     || total
---------------------------++-------
  Melee: Unarmed           ||    64
   Cast: Foxfire           ||    26
   Stab: Sleeping          ||     4
 Armour: Robe              ||    52
  Dodge: Dodged            ||    57

Table legend: (Time is in decaauts)
 A = Elapsed time spent in this place.
 B = Non-inter-level travel time spent in this place.
 C = Inter-level travel time spent in this place.
 D = Time resting spent in this place.
 E = Time spent auto-exploring this place.
 F = Levels seen in this place.
 G = Mean time per level.
                   A        B        C        D        E       F      G
               +--------+--------+--------+--------+--------+-----+--------+
         Total |   1015 |   1015 |      0 |      0 |    806 |   2 |  507.5 |
       Dungeon |   1015 |   1015 |      0 |      0 |    806 |   2 |  507.5 |
               +--------+--------+--------+--------+--------+-----+--------+

Top non-repeatable levels by time:
     D:1: 950 daAuts
     D:2: 65 daAuts
